 Dungeon Crawl Stone Soup version 0.16-a0-3325-g64f94fb (webtiles) character file.

3666 PolkaDot the Summoner (level 9, 0/72 HPs)
             Began as a Vampire Summoner on Dec 27, 2014.
             Was an Initiate of Sif Muna.
             Succumbed to a killer bee's poison
             ... on level 9 of the Dungeon.
             The game lasted 00:37:36 (9215 turns).

PolkaDot the Summoner (Vampire Summoner)            Turns: 9215, Time: 00:37:37

Health: 0/72       AC: 12    Str: 16    XL:     9   Next: 89%
Magic:  12/23      EV: 12    Int: 25    God:    Sif Muna [......]
Gold:   222        SH:  0    Dex: 17    Spells: 4 memorised, 2 levels left

rFire  . . .     SeeInvis +     C - +1 quarterstaff
rCold  + . .     Clarity  .     g - +0 leather armour
rNeg   . . .     SustAb   .     (no shield)
rPois  .         Gourm    .     f - +1 helmet
rElec  .         Spirit   .     l - +0 cloak
rCorr  .         Warding  .     v - +1 pair of gloves of Umuceh {Str+4 Dex+3}
rMut   .         Stasis   .     (no boots)
MR     .....                    (no amulet)
Stlth  ++........               A - ring of magical power
                                i - ring of protection from cold

@: mighty, brilliant, lethally poisoned, about to teleport, very slightly
contaminated, regenerating quickly, not resistant to hostile enchantments,
unstealthy
A: bottle blood, fangs 3, iridescent scales 1, see invisible, unbreathing, no
device heal 1, placid magic 1
a: Renounce Religion


You were on level 9 of the Dungeon.
You worshipped Sif Muna.
Sif Muna was noncommittal.
You were full.

You visited 2 branches of the dungeon, and saw 10 of its levels.
You also visited: Ossuary.

You collected 442 gold pieces.
You spent 220 gold pieces at shops.

Inventory:

Hand weapons
 C - a +1 quarterstaff (weapon)
Missiles
 t - 2 throwing nets (quivered)
Armour
 f - a +1 helmet (worn)
 g - a +0 leather armour (worn)
 l - a +0 cloak (worn)
 v - the +1 pair of gloves of Umuceh (worn) {Str+4 Dex+3}
   (You found it on level 4 of the Dungeon)

   It affects your strength (+4).
   It affects your dexterity (+3).
Jewellery
 i - a ring of protection from cold (left hand)
 A - a ring of magical power (right hand)
Magical devices
 k - a wand of disintegration (4)
 x - a wand of cold (4)
 B - a wand of magic darts (4)
 D - a wand of magic darts (27)
Scrolls
 a - a scroll of immolation
 h - 4 scrolls of recharging
 j - 4 scrolls of remove curse
 m - a scroll of enchant weapon
 n - 2 scrolls of amnesia
 o - 2 scrolls of enchant armour
 q - 3 scrolls of magic mapping
 E - a scroll of brand weapon {unknown}
Potions
 s - 5 potions of blood {@*1}
 u - a potion of brilliance
 w - 2 potions of curing
 z - a potion of flight
 F - 2 potions of ambrosia
 H - a potion of berserk rage {unknown}
 I - a potion of restore abilities
Books
 b - a book of Callings

   Spells                             Type                      Level
   a - Summon Small Mammal            Summoning                    1
   b - Call Imp                       Summoning                    2
   c - Call Canine Familiar           Summoning                    3
   d - Summon Guardian Golem          Hexes/Summoning              4
   e - Summon Lightning Spire         Summoning/Air                4
   f - Summon Ice Beast               Ice/Summoning                4
 p - a book of the Warp

   Spells                             Type                      Level
   a - Recall                         Summoning/Translocation      3
   b - Control Teleport               Charms/Translocation         4
   c - Force Lance                    Conjuration/Translocation    4
   d - Phase Shift                    Translocation                5
   e - Warp Weapon                    Charms/Translocation         5
   f - Summon Forest                  Summoning/Translocation      5
   g - Gell's Gravitas                Hexes/Translocation          6


   Skills:
 - Level 7.6 Fighting
   Level 5.4 Short Blades
 + Level 5.6 Staves
 - Level 2.1 Dodging
 - Level 3.0 Stealth
   Level 1.0 Shields
 - Level 2.0 Spellcasting
 + Level 8.1 Summonings
 * Level 2.2 Ice Magic


You had 2 spell levels left.
You knew the following spells:

 Your Spells              Type           Power        Failure   Level  Hunger
d - Call Canine Familiar  Summ           #####...     1%          3    ###....
i - Summon Ice Beast      Ice/Summ       ####....     1%          4    ####...
s - Call Imp              Summ           #####...     1%          2    ##.....
z - Summon Small Mammal   Summ           ####         1%          1    None


Dungeon Overview and Level Annotations

Branches:
Dungeon (9/15)             Temple (1/1) D:4
   Lair: D:8-11         Orc: D:9-12

Altars:
Ashenzari
Cheibriados
Dithmenos
Elyvilon
Fedhas
Gozag
Kikubaaqudgha
Makhleb
Nemelex Xobeh
Okawaru
Qazlal
Ru
Sif Muna
Trog
Vehumet
Xom
Yredelemnul
Zin
The Shining One

Shops:
D:4 =

Annotations:
D:8 runed door


Innate Abilities, Weirdness & Mutations

Your natural rate of healing is unusually fast.
You can bottle blood from corpses.
You have razor-sharp teeth.
You have supernaturally acute eyesight.
You can survive without breathing.
You are partially covered in iridescent scales (AC +4).
Potions and wands are less effective at restoring your health.
Your spells are a little easier to cast, but a little less powerful.


Message History

The killer bee barely misses you. x2
The killer bee stings you but does no damage.
The killer bee seems to regain its courage.
The killer bee stings you but does no damage.
The killer bee closely misses you. The killer bee barely misses you.
The killer bee barely misses you.
Read which item? (? for menu, Esc to quit)
As you read the scroll labeled STOYME QIUS, it crumbles to dust.
You feel strangely unstable.
It was a scroll of teleportation.
The killer bee seems to regain its courage.
The killer bee stings you.
* * * LOW HITPOINT WARNING * * *
You are lethally poisoned!
The killer bee poisons you! The killer bee closely misses you.
The killer bee stings you but does no damage.
The queen bee calls on the killer bee to defend it!
The killer bee goes berserk!
The killer bee stings you but does no damage.
The killer bee barely misses you. x3
You die...

###############
#%....%..%y...#
#y.....y...y..####
#......y.....Y+..#
#%...%..%..Y%y##..
#§yyy§[....%..####
#yyyy§§%y.y%..#
#@§yyy.yy†....#
##########+####
##>..# #..###
####'#######
#..........####
#..........##>.
#..........#..#
#..........'.##


You could see 6 killer bees.

Vanquished Creatures
  Pikel (D:7)
  A hungry ghost (D:7)
  A hippogriff (D:9)
  A water moccasin (D:8)
  An eye of draining (D:8)
  A phantom (D:7)
  4 slaves (D:7)
  2 centaurs
  An orc warrior (D:9)
  3 giant frogs
  Blork the orc (D:7)
  A water moccasin zombie (Ossuary)
  3 killer bees (D:9)
  A crimson imp (D:9)
  3 goliath beetles
  An orc priest (D:9)
  3 hounds
  A centaur skeleton (D:7)
  A gnoll shaman (D:4)
  6 worker ants
  Natasha (thrice) (D:6)
  4 iguanas
  3 big kobold zombies (Ossuary)
  A hound skeleton (D:6)
  2 mummies (Ossuary)
  10 adders
  5 gnolls (D:4)
  2 shadow imps
  4 giant mites
  3 worms
  3 adder zombies
  3 adder skeletons
  5 giant geckos
  An ooze (D:2)
  8 orcs
  A bat skeleton (D:4)
  6 giant cockroaches
  4 gnoll zombies (Ossuary)
  16 hobgoblins
  17 jackals
  4 quokkas
  A ball python (D:3)
  9 bats
  A giant newt (D:2)
  24 goblins
  4 hobgoblin zombies (Ossuary)
  A jackal skeleton (D:4)
  15 kobolds
  A kobold zombie (Ossuary)
  4 orc zombies (Ossuary)
  18 rats
  A rat zombie (D:8)
  2 ballistomycetes (D:8)
223 creatures vanquished.

Vanquished Creatures (collateral kills)
  Prince Ribbit (D:7)
  3 water moccasins
  An ice beast (D:7)
  3 ogres
  A phantom (D:5)
  The ghost of lorenzova the Magician, an average DECj (D:3)
  A scorpion (D:8)
  2 killer bees
  2 crimson imps (D:5)
  2 goliath beetles (D:8)
  A jelly (D:6)
  An orc priest (D:8)
  2 orc wizards
  3 adders
  2 giant mites (D:8)
  2 giant geckos
  An orc (D:8)
  A kobold (D:5)
  2 giant cockroaches (D:8)
  2 butterflies (D:8)
34 creatures vanquished.

Vanquished Creatures (others)
  3 ice beasts (D:9)
  A scorpion (D:8)
  8 crimson imps
  A jelly (D:9)
  8 hounds
  A shadow imp (D:8)
  5 white imps
  4 quokkas (D:8)
  A giant spore (D:8)
  2 rats (D:8)
34 creatures vanquished.

Grand Total: 291 creatures vanquished

Notes
Turn   | Place    | Note
--------------------------------------------------------------
     0 | D:1      | PolkaDot, the Vampire Summoner, began the quest for the Orb.
     0 | D:1      | Reached XP level 1. HP: 13/13 MP: 3/3
   281 | D:1      | Reached skill level 1 in Fighting
   373 | D:1      | Reached skill level 1 in Short Blades
   373 | D:1      | Reached XP level 2. HP: 19/21 MP: 4/4
   891 | D:1      | Learned a level 2 spell: Call Imp
   937 | D:2      | Reached XP level 3. HP: 24/27 MP: 6/6
   942 | D:2      | Learned a level 3 spell: Call Canine Familiar
  1612 | D:2      | Reached skill level 1 in Shields
  1612 | D:2      | Reached XP level 4. HP: 14/34 MP: 1/7
  2054 | D:3      | Noticed lorenzova's ghost (average DECj)
  2069 | D:3      | Gained mutation: Your spells are a little easier to cast, but a little less powerful. [potion of mutation]
  2069 | D:3      | Gained mutation: You are partially covered in iridescent scales (AC +4). [potion of mutation]
  2069 | D:3      | Gained mutation: Potions and wands are less effective at restoring your health. [potion of mutation]
  2073 | D:3      | Killed lorenzova's ghost
  2177 | D:3      | Reached XP level 5. HP: 41/41 MP: 9/9
  2802 | D:4      | Reached XP level 6. HP: 44/48 MP: 10/10
  2911 | D:4      | Found a bloodstained altar of Trog.
  3039 | D:4      | Found a basalt altar of Yredelemnul.
  3043 | D:4      | Found a snail-covered altar of Cheibriados.
  3043 | D:4      | Found a glowing silver altar of Zin.
  3056 | D:4      | Found Noang's Jewellery Shop.
  3084 | D:4      | Found a glowing golden altar of the Shining One.
  3101 | D:4      | Reached skill level 5 in Summonings
  3291 | D:4      | Found a staircase to the Ecumenical Temple.
  3297 | D:4      | Got a pair of pitted gloves
  3308 | D:4      | Identified the cursed +1 pair of gloves of Umuceh {Str+4 Dex+3} (You found it on level 4 of the Dungeon)
  3311 | Temple   | Entered the Ecumenical Temple
  3506 | D:4      | Found an opulent altar of Gozag.
  3817 | D:5      | Entered Level 5 of the Dungeon
  4020 | D:5      | Reached XP level 7. HP: 48/55 MP: 0/12
  4181 | D:5      | Found a shattered altar of Ashenzari.
  4181 | D:5      | Found a sacrificial altar of Ru.
  4181 | D:5      | Found a stormy altar of Qazlal.
  4230 | D:5      | Reached skill level 5 in Fighting
  4635 | D:5      | Learned a level 4 spell: Summon Ice Beast
  4812 | D:6      | Noticed Natasha
  4824 | D:6      | Killed Natasha
  4862 | D:6      | Noticed Natasha
  4865 | D:6      | Killed Natasha
  5047 | D:6      | Noticed Natasha
  5049 | D:6      | Killed Natasha
  5446 | D:6      | Reached skill level 5 in Short Blades
  5678 | D:6      | Reached XP level 8. HP: 39/64 MP: 4/13
  5806 | D:6      | Reached skill level 6 in Summonings
  6187 | D:4      | Bought an uncursed ring of magical power for 220 gold pieces
  6329 | D:7      | Noticed Blork the orc
  6337 | D:7      | Killed Blork the orc
  6449 | D:7      | Reached skill level 1 in Staves
  6511 | D:7      | Noticed Pikel
  6572 | D:7      | Killed Pikel
  6572 | D:7      | Reached skill level 7 in Summonings
  6622 | D:7      | Reached XP level 9. HP: 33/71 MP: 14/14
  6627 | D:7      | Noticed Prince Ribbit
  6682 | D:7      | Killed Prince Ribbit
  6697 | D:7      | Found a shimmering altar of Xom.
  7270 | D:8      | Found a runed door.
  7308 | D:8      | Found a runed door.
  7450 | D:8      | Found a sand-covered staircase.
  7578 | Ossuary  | Entered an ossuary
  8095 | D:8      | Found a deep blue altar of Sif Muna.
  8322 | D:8      | Reached skill level 5 in Staves
  8669 | D:8      | Became a worshipper of Sif Muna the Loreminder
  8815 | D:9      | Reached skill level 8 in Summonings
  8815 | D:9      | Reached skill level 1 in Ice Magic
  9209 | D:9      | HP: 2/72 [killer bee (5)]
  9214 | D:9      | HP: 1/72 [killer bee (3)]
  9215 | D:9      | Succumbed to a killer bee's poison

Action                   |  1- 3 |  4- 6 |  7- 9 || total
-------------------------+-------+-------+-------++-------
Melee: Short sword       |    98 |   244 |   657 ||   999
       Quarterstaff      |       |       |    56 ||    56
 Cast: Call Imp          |    13 |    13 |    49 ||    75
       Call Canine Famil |       |     4 |    24 ||    28
       Summon Small Mamm |       |     1 |     9 ||    10
       Summon Ice Beast  |       |       |     3 ||     3
Evoke: Wand              |       |       |     6 ||     6
  Use: Potion            |     1 |     8 |    45 ||    54
       Scroll            |       |    12 |    14 ||    26
 Stab: Sleeping          |     2 |     9 |     9 ||    20
       Distracted        |     1 |     2 |     5 ||     8
       Invisible         |       |     1 |     2 ||     3
       Held in net/web   |       |     1 |       ||     1
       Fleeing           |       |       |     2 ||     2
  Eat: Corpse            |     7 |     8 |     1 ||    16
